 Dungeon Crawl Stone Soup version 0.28.0-45-g0d030f2227 (webtiles) character file.

Game seed: 8616532658100739012

550 Acheron the Ducker (level 7, -1/51 HPs)
             Began as a Merfolk Artificer on Apr 19, 2022.
             Slain by a black bear (7 damage)
             ... on level 5 of the Dungeon.
             The game lasted 00:16:53 (4236 turns).

Acheron the Ducker (Merfolk Artificer)              Turns: 4236, Time: 00:16:55

Health: -1/51      AC:  7    Str: 12    XL:     7   Next: 29%
Magic:  7/7        EV: 10    Int: 11    God:
Gold:   104        SH:  0    Dex: 16    Spells: 6/6 levels left

rFire   + . .      SeeInvis .   w - +1 war axe
rCold   + . .      Faith    .   (no shield)
rNeg    . . .      Spirit   .   n - +0 scale mail
rPois   .          Reflect  .   (no helmet)
rElec   .          Harm     .   h - scarf {rC+ rF+}
rCorr   .          Rampage  .   (no gloves)
Will    .....                   m - +0 pair of boots
Stlth   +.........              s - amulet of regeneration
HPRegen 0.97/turn               (no ring)
MPRegen 0.10/turn               (no ring)

@: no status effects
A: (nimble swimmer 2), mertail
a: no special abilities


You were on level 5 of the Dungeon.
You visited 1 branch of the dungeon, and saw 6 of its levels.

You collected 104 gold pieces.

Inventory:

Hand Weapons
 g - a +0 hunting sling
 q - a +1 dagger of protection
 w - a +1 war axe (weapon)
Missiles
 j - 52 sling bullets
 l - 3 boomerangs
 o - 131 stones
Armour
 h - a scarf of resistance (worn)
 m - a +0 pair of boots (worn)
 n - a +0 scale mail (worn)
Jewellery
 s - an amulet of regeneration (around neck)
Wands
 a - a wand of polymorph (10)
 c - a wand of flame (13) (quivered)
 d - a wand of charming (14)
Scrolls
 v - 4 scrolls of amnesia
 x - a scroll of holy word
 y - a scroll of acquirement {unknown}
 z - a scroll of enchant weapon
Potions
 b - a potion of lignification {unknown}
 f - a potion of mutation
 i - a potion of heal wounds
 k - a potion of invisibility {unknown}
 p - a potion of might
 r - a potion of ambrosia {unknown}
 t - a potion of haste {unknown}
 u - 2 potions of flight {unknown}
Miscellaneous
 e - a piece from Xom's chessboard (15/15)


   Skills:
 * Level 2.9 Fighting
 * Level 2.6 Short Blades
 * Level 3.4 Axes
 - Level 0.1(2.0) Maces & Flails
 + Level 1.4 Armour
 * Level 4.3 Dodging
 * Level 3.0 Stealth
 * Level 3.9 Evocations


You had 6 spell levels left.
You didn't know any spells.
Your spell library contained the following spells:

 Spells                   Type           Power      Damage    Failure   Level
 Inner Flame              Hex/Fire       0%         N/A       99%         3
 Cause Fear               Hex            0%         N/A       100%        4
 Discord                  Hex            0%         N/A       100%        8


Dungeon Overview and Level Annotations

Branches:
Dungeon (6/15)
 Temple: D:4-7

Altars:
Sif Muna

Shops:
D:3 *

Portals:
Abyss: D:5

Annotations:
D:2 exclusion: downstairs
D:3 Terence
D:5 2 transporters, exclusion: downstairs, lysyklops's ghost, novice DrCj


Innate Abilities, Weirdness & Mutations

((You are very nimble when in or above water. (Stealth+, EV+, Speed+++)))
Your lower body shifts to a powerful aquatic tail in water.


Message History

The ogre hits you with a +0 giant club.
The black bear closely misses you. x2; The black bear claws you.
You hit the black bear.
The black bear is lightly wounded.
The black bear completely misses you. The black bear claws you.
The black bear claws you but does no damage.
Okay, then.
You slash the black bear!
The black bear is severely wounded.
The black bear barely misses you. x3
The black bear bites you but does no damage.
The black bear claws you. The black bear barely misses you.
You hit the black bear.
The black bear is severely wounded.
The black bear goes berserk!
You hit the black bear.
The black bear is severely wounded.
The black bear barely misses you.
The black bear claws you but does no damage. x2
The black bear bites you. The black bear closely misses you.
The black bear claws you.
The orc hits you from afar with a +0 trident.
You hit the black bear.
The black bear is severely wounded.
The black bear bites you. The black bear barely misses you. x2
The orc closely misses you. The black bear bites you.
The black bear barely misses you. The black bear claws you.
* * * LOW HITPOINT WARNING * * *
You feel much better. The black bear bites you. The black bear claws you. x2
* * * LOW HITPOINT WARNING * * *
The orc hits you from afar with a +0 trident!
* * * LOW HITPOINT WARNING * * *
You barely miss the black bear.
The black bear is severely wounded.
The black bear bites you.
* * * LOW HITPOINT WARNING * * *
The black bear closely misses you. The black bear claws you.
* * * LOW HITPOINT WARNING * * *
The black bear bites you!
You die...

#.......###..##..#
#........# ...####.
.#####.......##.##$.(. #
............##..#.......
..###.......#x..##......
#.......##..#.###...
#........# .##.###
#.####...##[.#....##
#..@hO..##.#.###...#
#####o..#.#.:..##..#
#...##.©.#∩W#..#
#....####..##..#
#......©####.... ##
#........##..... .#
#............... .#
##.............. .#
###......######


You could see a black bear (berserk), an ogre and an orc.

Vanquished Creatures
  2 necrophages
  A scorpion (D:5)
  A howler monkey (D:4)
  2 jellies
  2 hounds (D:5)
  A scorpion zombie (D:4)
  A hound skeleton (D:5)
  6 adders
  An ufetubus (D:4)
  An orc (D:4)
  7 ball pythons
  6 bats
  6 endoplasms
  4 goblins
  5 hobgoblins
  3 jackals
  5 kobolds
  4 quokkas (D:4)
  4 frilled lizards
  A quokka skeleton (D:4)
  5 rats
68 creatures vanquished.

Vanquished Creatures (collateral kills)
  An endoplasm (D:1)
1 creature vanquished.

Vanquished Creatures (others)
  A kobold (D:1)
1 creature vanquished.

Grand Total: 70 creatures vanquished

Notes
Turn   | Place    | Note
-------+----------+-------------------------------------------
     0 | D:1      | Acheron the Merfolk Artificer began the quest for the Orb.
     0 | D:1      | Reached XP level 1. HP: 15/15 MP: 1/1
   487 | D:1      | Reached skill level 3 in Dodging
   487 | D:1      | Reached XP level 2. HP: 21/21 MP: 2/2
  1507 | D:2      | Reached XP level 3. HP: 26/26 MP: 3/3
  1799 | D:3      | Noticed Terence
  2037 | D:2      | Reached skill level 1 in Short Blades
  2037 | D:2      | Reached skill level 1 in Axes
  2144 | D:2      | Reached XP level 4. HP: 33/33 MP: 4/4
  2672 | D:3      | Found Tyn Hefuit's Assorted Antiques.
  3255 | D:4      | Noticed a necrophage
  3270 | D:5      | Entered Level 5 of the Dungeon
  3272 | D:5      | Noticed a sky beast
  3276 | D:5      | Noticed an ogre
  3309 | D:4      | Killed a necrophage
  3310 | D:4      | Reached skill level 1 in Armour
  3310 | D:4      | Reached XP level 5. HP: 32/38 MP: 5/5
  3381 | D:4      | Reached XP level 6. HP: 44/44 MP: 6/6
  3608 | D:4      | Found a shimmering blue altar of Sif Muna.
  3914 | D:5      | Reached skill level 4 in Dodging
  3935 | D:5      | Noticed a necrophage
  3947 | D:5      | Killed a necrophage
  3971 | D:6      | Noticed an ice beast
  3996 | D:5      | Noticed an ancient zyme
  4000 | D:5      | Noticed a small abomination
  4044 | D:5      | Reached XP level 7. HP: 27/51 MP: 7/7
  4148 | D:5      | Found a transporter.
  4155 | D:5      | Found a one-way gate to the infinite horrors of the Abyss.
  4155 | D:5      | Noticed lysyklops's ghost (novice DrCj)
  4171 | D:5      | Found a transporter.
  4236 | D:5      | Slain by a black bear

Illustrated notes

Levels and vault maps discovered:
D:1:      minmay_arrival_four_houses, layout_basic, kennysheep_decorative_pillar
D:2:      layout_loops_corners, dk_vineyard_3
D:3:      layout_loops_ring, serial_shops, nicolae_shop_crystal,
          chequers_ecumenical_altar_lobes, uniq_terence
D:4:      layout_loops_ring, nicolae_overflow_hidden_temple, minmay_ruptured
D:5:      layout_basic, nicolae_gozag_seed_capital,
          gammafunk_ghost_abyssal_escape
D:6:      layout_rooms, minmay_temple_entry_tees, ebering_ghost_inner_flame,
          kennysheep_generic_room_5

Skill      XL: |  1  2  3  4  5  6  7 |
---------------+----------------------+-----
Dodging        | 3 4 |  4.3
Short Blades   | 1 2 |  2.6
Axes           | 1 2 3 |  3.4
Fighting       | 2 |  2.9
Armour         | 1 |  1.4
Stealth        | 2 3 |  3.0
Maces & Flails | |  0.1
Evocations     | |  3.9

Action                   |  1- 3 |  4- 6 |  7- 9 || total
-------------------------+-------+-------+-------++-------
Melee: Dagger            |    14 |       |       ||    14
       Club              |     5 |       |       ||     5
       Whip              |     1 |       |       ||     1
       War axe           |    76 |   136 |    24 ||   236
       Punch             |       |     4 |       ||     4
Evoke: Wand              |     3 |       |       ||     3
       Piece from Xom's  |     1 |       |       ||     1
  Use: Scroll            |     6 |     5 |       ||    11
       Potion            |       |     1 |     2 ||     3
 Stab: Sleeping          |     1 |       |       ||     1
Armor: Leather armour    |    26 |       |       ||    26
       Scale mail        |    35 |    85 |    18 ||   138
Dodge: Dodged            |    72 |    94 |    36 ||   202
